 Dungeon Crawl Stone Soup version 0.29-a0-330-g52719c12eb (webtiles) character file.

Game seed: 473436690986939139

30 HoaS the Bolt Thrower (level 3, -1/21 HPs)
             Began as a Kobold Hunter on May 31, 2022.
             Killed by nerve-wracking pain
             ... invoked by Jessica
              (14 damage)
             ... on level 2 of the Dungeon.
             The game lasted 00:02:11 (897 turns).

HoaS the Bolt Thrower (Kobold Hunter)                Turns: 897, Time: 00:02:11

Health: -1/21      AC:  3    Str:  8    XL:     3   Next: 37%
Magic:  3/3        EV: 14    Int: 10    God:
Gold:   55         SH:  0    Dex: 20    Spells: 2/2 levels left

rFire   . . .      SeeInvis .   a - +1 hand crossbow
rCold   . . .      Faith    .   (no shield)
rNeg    . . .      Spirit   .   b - +0 leather armour
rPois   .          Reflect  .   (no helmet)
rElec   .          Harm     .   (no cloak)
rCorr   .          Rampage  .   (no gloves)
Will    .....                   (no boots)
Stlth   +++.......              (no amulet)
HPRegen 0.07/turn               (no ring)
MPRegen 0.08/turn               (no ring)

@: no status effects
A: small, no large weapons, nightstalker 3
a: no special abilities


You were on level 2 of the Dungeon.
You visited 1 branch of the dungeon, and saw 2 of its levels.

You collected 55 gold pieces.

Inventory:

Hand Weapons
 a - a +1 hand crossbow (weapon)
Armour
 b - a +0 leather armour (worn)
Jewellery
 d - a ring of ice
Scrolls
 c - a scroll of immolation
 e - a scroll of identify {unknown}
 g - a scroll of summoning {unknown}
 h - a scroll of holy word {unknown}
Potions
 f - 2 potions of curing {unknown}
 i - 2 potions of cancellation {unknown}


   Skills:
 - Level 2.1 Fighting
 + Level 6.6 Crossbows
 - Level 2.4 Dodging
 - Level 1.3 Stealth


You had 2 spell levels left.
You didn't know any spells.
Your spell library was empty.

Dungeon Overview and Level Annotations

Branches:
Dungeon (2/15)

Altars:

Shops:
D:2 [

Annotations:
D:2 Jessica


Innate Abilities, Weirdness & Mutations

You are small and have problems with some larger weapons.
You are completely attuned to the shadows.


Message History

You start resting.
HP restored.
There is a stone staircase leading down here.
Jessica the Apprentice Sorceress comes into view.
She is wielding a +0 dagger.
You see here 10 gold pieces.
You shoot a bolt.
The bolt hits Jessica but does no damage.
You shoot a bolt. The bolt barely misses Jessica.
You shoot a bolt. The bolt closely misses Jessica.
Jessica mumbles something strange.
Jessica gestures wildly while chanting.
Jessica blinks!
You shoot a bolt. The bolt closely misses Jessica.
Jessica casts a spell.
Jessica blinks!
No target in view!
No target in view!
No target in view!
You now have 55 gold pieces (gained 10).
Jessica is nearby!
You shoot a bolt.
The bolt hits Jessica but does no damage.
You shoot a bolt.
The bolt hits Jessica but does no damage.
Jessica barely misses you.
You shoot a bolt. The bolt closely misses Jessica.
Jessica hits you with a +0 dagger. Jessica misses you.
You shoot a bolt. The bolt completely misses Jessica.
Jessica hits you with a +0 dagger.
You shoot a bolt. The bolt closely misses Jessica.
Jessica casts a spell.
Jessica blinks!
You shoot a bolt.
The bolt hits Jessica but does no damage.
You shoot a bolt.
The bolt hits Jessica but does no damage.
Jessica casts a spell at you. Pain shoots through your body!
Ouch! That really hurt!
You die...

.. <. .. .. #.
... #..# .. #..#
# ...#..###.##
##.#..@@!...
...............
..#......######.
###.# #†###.#
###..# #.....##
....## ###)...†..
###..##
##....#...
##.#.###.#.#.####
......#.##.#.#


You could see Jessica.

Vanquished Creatures
  A dart slug (D:1)
  2 ball pythons (D:1)
  4 endoplasms (D:1)
  4 hobgoblins
  5 kobolds
  2 quokkas
  A bat (D:1)
  5 frilled lizards
  A goblin (D:1)
  2 rats
27 creatures vanquished.

Notes
Turn   | Place    | Note
-------+----------+-------------------------------------------
     0 | D:1      | HoaS the Kobold Hunter began the quest for the Orb.
     0 | D:1      | Reached XP level 1. HP: 12/12 MP: 1/1
   195 | D:1      | Reached XP level 2. HP: 16/17 MP: 2/2
   271 | D:1      | Reached skill level 6 in Crossbows
   572 | D:1      | Reached XP level 3. HP: 21/21 MP: 3/3
   686 | D:2      | Found Loubb's Antique Armour Emporium.
   885 | D:2      | Noticed Jessica
   897 | D:2      | Killed from afar by Jessica

Illustrated notes

Levels and vault maps discovered:
D:1:      moated_graveyard_arrival, layout_basic
D:2:      layout_loops_ring, serial_shops, shop, chequers_serial_rivers_marsh,
          minmay_misc_feat_columns, minmay_pentomino_z2, uniq_jessica

Skill      XL: |  1  2 |
---------------+-------+-----
Crossbows      | 6 |  6.6
Fighting       | |  2.1
Dodging        | |  2.4
Stealth        | |  1.3

Action                   || total
-------------------------++-------
 Fire: Hand crossbow     ||    73
  Use: Scroll            ||     3
Armor: Leather armour    ||     3
Dodge: Dodged            ||    18

Table legend: (Time is in decaauts)
 A = Elapsed time spent in this place.
 B = Non-inter-level travel time spent in this place.
 C = Inter-level travel time spent in this place.
 D = Time resting spent in this place.
 E = Time spent auto-exploring this place.
 F = Levels seen in this place.
 G = Mean time per level.
                   A        B        C        D        E       F      G
               +--------+--------+--------+--------+--------+-----+--------+
         Total |    915 |    893 |     22 |     57 |    693 |   2 |  457.5 |
       Dungeon |    915 |    893 |     22 |     57 |    693 |   2 |  457.5 |
               +--------+--------+--------+--------+--------+-----+--------+

Top non-repeatable levels by time:
     D:1: 654 daAuts
     D:2: 260 daAuts
